 Dungeon Crawl Stone Soup version 0.27-a0-1308-gc08437e49b (webtiles) character file.

Game seed: 8139363948316378408

3897 porpoise the Cleaver (level 10, -3/91 HPs)
             Began as a Minotaur Berserker on June 19, 2021.
             Was a Priest of Trog.
             Slain by a catoblepas (26 damage)
             ... on level 8 of the Dungeon.
             The game lasted 00:25:39 (9437 turns).

porpoise the Cleaver (Minotaur Berserker)           Turns: 9437, Time: 00:25:40

Health: -3/91      AC: 11    Str: 24    XL:     10   Next: 0%
Magic:  9/9        EV: 11    Int:  4    God:    Trog [***...]
Gold:   415        SH:  6    Dex: 11    Spells: 9/9 levels left

rFire    . . .     SeeInvis .   a - +2 war axe (freeze)
rCold    + . .     Faith    .   G - +2 buckler
rNeg     + . .     Spirit   .   x - +0 swamp dragon scales
rPois    +         Reflect  .   (helmet restricted)
rElec    .         Harm     .   (no cloak)
rCorr    .         Rampage  .   (no gloves)
Will     .....                  e - +1 pair of boots
Stlth    +.........             o - amulet of the acrobat
HPRegen  0.25/turn              m - ring of positive energy
MPRegen  0.11/turn              C - ring of protection from cold

@: on berserk cooldown, slowed, very slow
A: horns 2, retaliatory headbutt
a: Renounce Religion, Berserk, Trog's Hand


You were on level 8 of the Dungeon.
You worshipped Trog.
Trog was most pleased with you.
You visited 1 branch of the dungeon, and saw 8 of its levels.
You also visited: Sewer.

You collected 415 gold pieces.

Inventory:

Hand Weapons
 a - a +2 war axe of freezing (weapon)
 b - a +0 hunting sling
 D - a +5 battleaxe
Missiles
 f - 207 stones
 i - 8 poisoned darts
 k - 60 arrows
 l - a throwing net
 n - 55 bolts
 q - 8 boomerangs (quivered)
Armour
 e - a +1 pair of boots (worn)
 h - a +2 scale mail of fire resistance
 x - +0 swamp dragon scales (worn)
 G - a +2 buckler (worn)
Jewellery
 m - a ring of positive energy (left hand)
 o - an amulet of the acrobat (around neck)
 p - a ring of see invisible
 v - an amulet of magic regeneration
 C - a ring of protection from cold (right hand)
Wands
 r - a wand of iceblast (9)
 y - a wand of mindburst (24)
 A - a wand of charming (16)
 F - a wand of flame (8)
Scrolls
 c - 3 scrolls of teleportation
 j - 3 scrolls of noise
 s - a scroll of immolation
 w - 2 scrolls of identify
Potions
 d - 6 potions of haste
 g - a potion of magic
 u - a potion of attraction
 z - 2 potions of curing
 B - a potion of heal wounds
 H - a potion of lignification


   Skills:
 - Level 9.0 Fighting
 + Level 13.0 Axes
 - Level 7.0 Armour
 + Level 2.3 Dodging
 - Level 4.0 Shields


You had 9 spell levels left.
You didn't know any spells.
Your spell library was empty.

Dungeon Overview and Level Annotations

Branches:
Dungeon (8/15)             Temple (0/1) D:7           Sewer (visited)
   Lair: D:8-11

Altars:
Elyvilon
Kikubaaqudgha
Qazlal
Uskayaw
Xom

Shops:
D:2 [   D:4 (

Portals:
Ossuary: D:8


Innate Abilities, Weirdness & Mutations

You have a pair of horns on your head.
You reflexively headbutt those who attack you in melee.


Message History

A wight comes into view. It is wielding a +4 short sword.
The water moccasin hisses angrily.
A wight comes into view. It is wielding a +5 war axe.
The catoblepas barely misses you.
The wight hits you from afar with a +0 halberd!
The catoblepas breathes a plume of calcifying dust at you.
The blast of calcifying dust hits you but does no damage.
The wight misses you.
The catoblepas breathes a plume of calcifying dust at you.
The blast of calcifying dust hits you but does no damage.
You are engulfed in calcifying dust.
You are slowing down.
You hear the slow hiss of an avalanche of sand.
The catoblepas barely misses you. You furiously retaliate!
You headbutt the catoblepas, but do no damage.
The wight is engulfed in calcifying dust.
The wight stops moving altogether!
You have turned to stone.
The catoblepas gores you!! x2
The catoblepas gores you! The catoblepas barely misses you.
The catoblepas gores you. The catoblepas gores you!! x2
A wight comes into view. It is wielding a +7 falchion.
The catoblepas gores you!!
* * * LOW HITPOINT WARNING * * *
You turn to flesh and can move again.
Unknown command.
As you read the scroll of fear, it crumbles to dust.
You assume a fearsome visage.
The gnoll sergeant looks frightened!
The catoblepas resists with some effort.
The wight is unaffected. x3
The catoblepas breathes a plume of calcifying dust at you.
The blast of calcifying dust hits you.
* * * LOW HITPOINT WARNING * * *
The catoblepas gores you.
* * * LOW HITPOINT WARNING * * *
You open the door.
A mummy comes into view.
The catoblepas gores you!!
You die...

****,**,,,* #*#***,,,,,,,8,*
*** #..,,,,**,,*,,,*****,**
####.#####**,,8,∩<8,,,,*,*
#........##*,,,,,#*****,**
###.##......#*****8# *,*
#...........######.#*****,****
#.#.#.#....S#..§§§§##...,,,,,*
......##.!zzz..Y@......#,∩**,*
..........z#####'#####.#,*,*,*
########g...#*,...,**,,,***,,*
*,,**#...S#..##...#*,,,*,*,*,*
,,,,#..z..##..##M##,,*,,,,,,,*
,,,,#.z..##*...###,,****,*****
,*,.......,,.#..#,,** *,*
,*..#....#***##...*** *,*
*#..#.....,**,,...,,* *,*


You could see a catoblepas, a water moccasin, a mummy and 4 wights.

Vanquished Creatures
  Harold (D:8)
  Maggie (D:6)
  Sigmund (D:4)
  Menkaure (D:4)
  2 water moccasins
  2 orc warriors (D:7)
  Purgy (Sewer)
  3 ice beasts
  An ogre (D:6)
  3 necrophages
  A bullfrog (D:7)
  5 scorpions
  2 water moccasin zombies
  2 wyvern skeletons (D:7)
  A killer bee (D:8)
  4 wights (D:7)
  A bullfrog zombie (D:6)
  A hound (D:6)
  A jelly (D:3)
  8 orc priests
  2 iguanas
  7 orc wizards
  4 gnolls
  3 adders
  2 white imps
  2 ufetubi
  A worm (D:4)
  3 dart slugs
  18 orcs
  4 ball pythons
  6 endoplasms
  6 giant cockroaches
  4 goblins
  7 hobgoblins
  8 jackals
  2 quokkas (D:3)
  2 bats
  4 frilled lizards
  4 kobolds
  9 rats
140 creatures vanquished.

Vanquished Creatures (others)
  2 demonic plants (D:1)
  6 fungi (D:1)
  A plant (D:1)
  4 withered plants (D:1)
13 creatures vanquished.

Grand Total: 153 creatures vanquished

Notes
Turn   | Place    | Note
-------+----------+-------------------------------------------
     0 | D:1      | porpoise the Minotaur Berserker began the quest for the
                  | Orb.
     0 | D:1      | Reached XP level 1. HP: 19/19 MP: 0/0
   211 | D:1      | Reached skill level 4 in Axes
   211 | D:1      | Reached XP level 2. HP: 18/27 MP: 1/1
   586 | D:1      | Found a faded altar of an unknown god.
   794 | D:1      | Reached XP level 3. HP: 25/34 MP: 2/2
  1811 | D:2      | Reached skill level 5 in Fighting
  1811 | D:2      | Reached XP level 4. HP: 30/42 MP: 3/3
  1812 | D:2      | Reached skill level 5 in Axes
  1949 | D:2      | Found Giceh's Antique Armour Shoppe.
  2577 | D:3      | Reached ** piety under Trog
  2604 | D:3      | Reached XP level 5. HP: 17/48 MP: 4/4
  2628 | D:3      | Reached skill level 6 in Axes
  2817 | D:3      | Found a glowing drain.
  2822 | Sewer    | Entered a sewer
  2985 | Sewer    | Noticed Purgy
  2993 | Sewer    | Killed Purgy
  2994 | Sewer    | Reached XP level 6. HP: 58/58 MP: 5/5
  3245 | D:3      | Found a white marble altar of Elyvilon.
  3794 | D:4      | Noticed Sigmund
  3804 | D:4      | Killed Sigmund
  3805 | D:4      | Reached skill level 7 in Axes
  3916 | D:4      | Reached XP level 7. HP: 47/66 MP: 6/6
  4278 | D:4      | Found Tiruf's Antique Weapon Shop.
  4324 | D:4      | Noticed Menkaure
  4335 | D:4      | Killed Menkaure
  4594 | D:4      | Reached skill level 8 in Axes
  4990 | D:5      | Entered Level 5 of the Dungeon
  5040 | D:5      | Found a shimmering altar of Xom.
  5503 | D:5      | Reached XP level 8. HP: 25/75 MP: 7/7
  5884 | D:5      | Reached skill level 9 in Axes
  6362 | D:5      | Found a stormy altar of Qazlal.
  6846 | D:5      | Found a hide-covered altar of Uskayaw.
  7293 | D:6      | Noticed Maggie
  7319 | D:6      | Killed Maggie
  7320 | D:6      | Reached skill level 10 in Axes
  7320 | D:6      | Reached skill level 5 in Armour
  7556 | D:6      | Reached XP level 9. HP: 83/83 MP: 8/8
  8028 | D:7      | Reached *** piety under Trog
  8036 | D:7      | Reached skill level 11 in Axes
  8488 | D:7      | Found a staircase to the Ecumenical Temple.
  8583 | D:7      | Reached skill level 12 in Axes
  8728 | D:7      | Reached skill level 1 in Shields
  9332 | D:7      | Found an ancient bone altar of Kikubaaqudgha.
  9404 | D:8      | Noticed Harold
  9416 | D:8      | Killed Harold
  9417 | D:8      | Reached skill level 13 in Axes
  9419 | D:8      | Reached XP level 10. HP: 91/91 MP: 9/9
  9419 | D:8      | Noticed a catoblepas
  9437 | D:8      | Found a sand-covered staircase.
  9437 | D:8      | Slain by a catoblepas

Illustrated notes

Levels and vault maps discovered:
D:1:      dpeg_cavernosity, layout_basic, shapermc_ecumenical_altar_gd
D:2:      layout_basic, serial_shops, shop
D:3:      layout_basic, elyvilon_altar_4, gup_sewer_entry_bowl
D:4:      layout_gridville, serial_shops, nicolae_shop_stone, uniq_sigmund,
          uniq_menkaure
D:5:      layout_layer_cave, xom_teletrap_fun,
          nicolae_uskayaw_murder_on_the_dancefloor, grunt_qazlal_clouds,
          kennysheep_path_1, hangedman_decor_opposing
D:6:      layout_cave_pools, uniq_maggie
D:7:      layout_cave_pools, nicolae_overflow_hidden_temple,
          minmay_temple_entry_sparse_star
D:8:      minmay_curly_fans, layout_loops_cross, serial_shops, shop,
          nicolae_shop_statue_plus, nicolae_shop_overgrown_old_shop, shop, shop,
          gup_ossuary_entry_pyramid, uniq_harold

Skill      XL: |  1  2  3  4  5  6  7  8  9 |
---------------+----------------------------+-----
Fighting       | 4 5 6 7 8 9 |  9.0
Axes           | 4 5 6 7 8 10 13 | 13.0
Armour         | 6 7 |  7.0
Shields        | 4 |  4.0
Dodging        | |  2.3

Action                   |  1- 3 |  4- 6 |  7- 9 | 10-12 || total
-------------------------+-------+-------+-------+-------++-------
Melee: Hand axe          |    68 |    88 |   180 |       ||   336
       Headbutt          |    20 |    15 |    39 |       ||    74
       War axe           |       |       |    35 |       ||    35
 Fire: Hunting sling     |       |    16 |    82 |       ||    98
Throw: Boomerang         |       |       |    10 |       ||    10
Invok: Berserk           |       |     3 |     9 |       ||    12
       Trog's Hand       |       |     1 |     1 |       ||     2
  Use: Scroll            |       |    11 |     3 |     1 ||    15
       Potion            |       |       |     2 |       ||     2
Armor: Animal skin       |     2 |       |       |       ||     2
       Ring mail         |     4 |       |       |       ||     4
       Scale mail        |       |    49 |    44 |       ||    93
       Skin              |       |       |     6 |       ||     6
       Swamp dragon scal |       |       |    27 |     2 ||    29
Dodge: Dodged            |    21 |    35 |    75 |     4 ||   135
Block: Buckler           |       |       |     3 |       ||     3

Table legend: (Time is in decaauts)
 A = Elapsed time spent in this place.
 B = Non-inter-level travel time spent in this place.
 C = Inter-level travel time spent in this place.
 D = Time resting spent in this place.
 E = Time spent auto-exploring this place.
 F = Levels seen in this place.
 G = Mean time per level.
                   A        B        C        D        E       F      G
               +--------+--------+--------+--------+--------+-----+--------+
         Total |   9531 |   9288 |    243 |   3762 |   4048 |   9 | 1059.0 |
       Dungeon |   9191 |   8948 |    243 |   3601 |   4048 |   8 | 1148.9 |
         Sewer |    339 |    339 |      0 |    160 |      0 |   1 |  339.0 |
               +--------+--------+--------+--------+--------+-----+--------+

Top non-repeatable levels by time:
     D:5: 2108 daAuts
     D:1: 1487 daAuts
     D:7: 1420 daAuts
     D:4: 1292 daAuts
     D:3: 1153 daAuts
     D:6: 879 daAuts
     D:2: 788 daAuts
   Sewer: 339 daAuts
     D:8: 61 daAuts
